cohdb
Replays
Latest Replays
All Replays
Popular Replays
Top Player Replays
Match Explorer
How It Works
Community
CoH3 Stats
Reddit
Sign in to upload your games and track your stats! →
Sign in with Steam
Match 42234582
Unlisted
Match 42234582
Overview
Messages
Build Orders
End
Construct Barracks
Riflemen Squad
Riflemen Squad
Grenade Package
Selects Advanced Infantry Battlegroup
Selects Convert to Ranger Squad
Ranger Squad
Convert to Ranger Squad
Infantry Support Center
Selects Frontline Medical Station
Frontline Medical Station
Advanced Logistics
Munitions Surplus
AI Takeover
ikk
Argon
ghetto_capitalist
gUi
HellCeaser
CHINOOOK
XX_76_XX
Sukha
0
0
Comments
sign in to comment!
No comments posted yet!